Map: Dusk Towers

Players

blackxored - Winner!

  • Race: Zerg Zerg
  • League: Platinum

mentaix

  • Race: Zerg Zerg
  • League: Platinum

VOD

Have the link to the VOD?

Description

Time

  • Played on: June 26, 2016, 7:36 p.m.
  • Length: 8:21
Show
View Real Time Build Order
Export as new Build Order

blackxored Zerg - Winner!

Build Orders: Hatch First, Zergling Baneling 

Get SALT Encoding   

  12  0:01  Drone  
  13  0:10  Drone  
  14  0:18  Overlord  
  14  0:24  Extractor, Drone  
  15  0:39  Drone x2  
  17  0:54  Hatchery  
  17  0:55  Drone  
  17  0:58  Drone  
  18  1:10  Extractor  
  17  1:15  Spawning Pool  
  17  1:17  Drone  
  17  1:20  Drone  
  18  1:27  Drone  
  19  1:41  Overlord  
  19  2:03  Zergling x4  
  19  2:06  Queen  
  19  2:08  Queen  
  25  2:09  Zergling x2  
  25  2:13  Metabolic Boost  
  26  2:17  Drone x2  
  28  2:39  Drone x4  
  32  2:45  Hatchery  
  31  2:51  Baneling Nest  
  29  3:07  Zergling x10  
  34  3:15  Queen  
  34  3:18  Overlord  
  36  3:36  Zergling x14  
  41  3:45  Zergling x2  
  37  3:49  Zergling x2  
  37  3:53  Zergling x2  
  37  3:55  Baneling x2  
  37  4:03  Zergling x2  
  37  4:04  Zergling x4  
  40  4:13  Drone x2  
  42  4:21  Drone  
  42  4:22  Drone x2  
  42  4:24  Queen  
  45  4:29  Baneling x2  
  47  4:31  Baneling x4  
  45  4:43  Zergling x4  
  45  4:44  Zergling x8  
  48  4:50  Zergling x4  
  47  5:02  Zergling x6  
  49  5:09  Zergling x2  
  49  5:10  Overlord x2  
  48  5:14  Zergling x2  
  48  5:20  Overlord  
  48  5:25  Baneling  
  48  5:29  Zergling x2  
  48  5:30  Zergling x14  
  56  5:40  Baneling x4  
  54  6:02  Drone x8  
  61  6:07  Baneling x6  
  61  6:12  Drone  
  54  6:33  Zergling x12  
  55  6:43  Zergling x18  
  55  7:12  Baneling x3  
  55  7:14  Zergling x2  
  55  7:15  Zergling x16  
  64  7:20  Drone  
  64  7:21  Evolution Chamber x2  
  63  7:28  Zergling x6  
  59  7:39  Zergling x10  
  64  7:46  Zergling x2  
  65  7:52  Zergling x2  
  65  7:53  Zergling x2  
  65  8:02  Zergling x6  
Show
View Real Time Build Order
Export as new Build Order

mentaix Zerg 

Build Orders: Pool First 

Get SALT Encoding   

  12  0:01  Drone  
  13  0:12  Overlord  
  13  0:19  Drone  
  14  0:30  Drone  
  14  0:31  Drone  
  16  0:35  Drone  
  17  0:46  Spawning Pool  
  16  0:51  Extractor  
  16  0:53  Drone  
  16  0:58  Drone  
  17  1:19  Hatchery  
  16  1:30  Drone x2  
  16  1:31  Drone  
  19  1:45  Queen  
  21  1:50  Overlord  
  21  2:00  Metabolic Boost  
  21  2:09  Zergling x4  
  23  2:25  Zergling x4  
  25  2:31  Queen  
  25  2:33  Zergling x2  
  28  2:56  Zergling x8  
  32  3:16  Baneling Nest  
  32  3:18  Hatchery  
  30  3:22  Overlord  
  30  3:24  Drone x2  
  32  3:38  Drone x3  
  32  3:39  Drone  
  33  3:53  Zergling x10  
  36  4:16  Baneling x3  
  36  4:17  Roach Warren, Baneling x3  
  36  4:21  Queen  
  37  4:26  Drone x3  
  40  4:34  Queen  
  38  4:58  Zergling x14  
  40  5:16  Zergling x6  
  40  5:17  Zergling x4  
  40  5:19  Overlord x3  
  41  5:37  Roach x2  
  41  5:38  Roach x3  
  41  5:54  Roach  
  41  5:55  Roach x4  
  51  6:02  Queen  
  43  6:34  Roach  
  43  6:35  Roach x6  
  47  6:42  Roach  
  45  7:10  Lair  
  45  7:12  Drone x2  
  45  7:13  Drone x2, Hatchery  
  48  7:16  Drone x3  
  48  7:17  Drone  
  48  7:20  Extractor  
  51  7:29  Roach x3  
  59  7:30  Roach  
  45  7:38  Roach x2  
  47  7:53  Roach x3  
  47  7:54  Zergling x6  
  47  7:55  Zergling x2  
Tags
 
Add a new tag
Caveats
  • Supply blocks, unpowered buildings, or Contaminate may cause inaccurate times.
  • Supply counts are checked every 10 seconds.